 Dungeon Crawl Stone Soup version 0.31-a0-38-g1548c4f2a5 (console) character file.

Game seed: 8155796480844374750

14 petzl the Sneak (level 2, -2/22 (24) HPs)
             Began as a Formicid Delver on May 16, 2023.
             Slain by an ufetubus (4 damage)
             ... on level 3 of the Dungeon.
             The game lasted 00:03:02 (608 turns).

petzl the Sneak (Formicid Delver)                    Turns: 608, Time: 00:03:04

HP:   -2/22 (24)    AC:  3    Str: 16    XL:     2   Next: 60%
MP:   5/5           EV: 12    Int:  9    God:
Gold: 29            SH:  0    Dex: 15    Spells: 5/5 levels left

rFire   . . .        a - +0 mace
rCold   . . .        (no shield)
rNeg    . . .        b - +0 leather armour
rPois   .            (helmet unavailable)
rElec   .            (no cloak)
rCorr   .            (no gloves)
SInv    +            (no boots)
Will    .....        (no amulet)
Stlth   +++          (no ring)
HPRegen 0.23/turn    (no ring)
MPRegen 0.09/turn

%: no passive effects
@: drained
A: permanent stasis, dig shafts and tunnels, antennae 3, four strong arms
a: Dig, Shaft Self


You were on level 3 of the Dungeon.
You visited 1 branch of the dungeon, and saw 6 of its levels.

You collected 29 gold pieces.

Inventory:

Hand Weapons
 a - a +0 mace (weapon)
Missiles
 e - 5 poisoned darts
Armour
 b - a +0 leather armour (worn)
Wands
 f - a wand of digging (2)
 g - a wand of roots (8)
Scrolls
 c - a scroll of fog
 d - a scroll of magic mapping


   Skills:
 - Level 3.2 Fighting
 - Level 2.0 Maces & Flails
 - Level 1.7 Dodging
 - Level 6.0 Stealth
 + Level 2.0 Spellcasting


You had 5 spell levels left.
You didn't know any spells.
Your spell library contained the following spells:

 Spells                   Type           Power      Damage    Failure   Level
 Sublimation of Blood     Necr           0%         N/A       52%         2
 Petrify                  Tmut/Erth      0%         N/A       99%         4
 Irradiate                Conj/Tmut      0%         3d11      100%        5


Dungeon Overview and Level Annotations

Branches:
Dungeon (8/15)             Temple (0/1) D:4
   Lair: D:8-11

Altars:

Portals:
Sewer: D:6

Annotations:
D:5 1 runed translucent door, exclusion: phantom, Crazy Yiuf
D:6 exclusion: 2 downstairs
D:7 exclusions: downstairs and orc priest


Innate Abilities, Weirdness & Mutations

You cannot be hasted, slowed, berserked, paralysed or teleported.
You can dig through walls and to a lower floor.
You have a pair of large antennae on your head. (SInv)
Your four strong arms can wield two-handed weapons with a shield.


Message History

The ufetubus hits you but does no damage.
The ufetubus attacks as you move away! The ufetubus closely misses you. x3
The ufetubus misses you. The jelly barely misses you.
There is a stone staircase leading up here.
The ufetubus misses you. The ufetubus closely misses you.
The ufetubus hits you.
The ufetubus hits you but does no damage.
The jelly hits you but does no damage.
You climb upwards.
Found a brown potion.
There is a stone staircase leading down here.
The jelly attacks as you move away! The jelly closely misses you.
Found a pair of gloves.
The ufetubus hits you. x2
The ufetubus closely misses you. The ufetubus hits you.
You extend your mandibles.
You dig through the rock wall.
You feel drained. The ufetubus attacks as you move away! The ufetubus hits you.
The ufetubus barely misses you.
You retract your mandibles.
The ufetubus attacks as you move away! The ufetubus misses you.
The ufetubus closely misses you. The ufetubus hits you.
* * * LOW HITPOINT WARNING * * *
The ufetubus barely misses you.
Are you sure you want to shaft yourself? [Y]es or [N]o only, please.
Are you sure you want to shaft yourself?
Okay, then.
Unknown command.
Okay, then.
Unknown command.
Are you sure you want to shaft yourself?
The ufetubus misses you. The ufetubus closely misses you.
You begin to dig a shaft.
You continue digging a shaft.
The ufetubus hits you.
* * * LOW HITPOINT WARNING * * *
The ufetubus barely misses you. The ufetubus hits you.
* * * LOW HITPOINT WARNING * * *
The ufetubus hits you.
You die...

#############
#...........# ..#
#...........#
....##...........#
.......>.........#
....##...........#
. #...........#
#...!.......#
#.....{....[#
###...##5######
+......@........
##..............
#..............
#..............#
+..............#
#..............#
...............#
...............


You could see an ufetubus.

Vanquished Creatures
  An adder (D:5)
  A dart slug (D:5)
  An orc (D:5)
3 creatures vanquished.

Notes
Turn   | Place    | Note
-------+----------+-------------------------------------------
     0 | D:5      | petzl the Formicid Delver began the quest for the Orb.
     0 | D:5      | Reached XP level 1. HP: 18/18 MP: 1/1
     3 | D:6      | Found a glowing drain.
    24 | D:4      | You fall into a shaft and drop 3 floors!
   120 | D:7      | Noticed an orc priest
   189 | D:7      | Noticed an orc priest
   189 | D:7      | Noticed a bullfrog
   259 | D:8      | Noticed a yak
   259 | D:8      | Noticed a yak
   259 | D:8      | Noticed a yak
   259 | D:8      | Noticed an orc wizard
   263 | D:7      | Noticed a water moccasin
   322 | D:5      | Reached skill level 1 in Spellcasting
   431 | D:5      | Reached XP level 2. HP: 19/24 MP: 3/5
   463 | D:5      | Found a runed translucent door.
   464 | D:5      | Noticed Crazy Yiuf
   550 | D:5      | Noticed a phantom
   595 | D:4      | Found a staircase to the Ecumenical Temple.
   608 | D:3      | Slain by an ufetubus

Illustrated notes

Levels and vault maps discovered:
D:3:      layout_basic, mainiacjoe_overflow_six_doors_small,
          serial_bayou_lake_a, uniq_natasha
D:4:      layout_cave_pools, minmay_temple_entry_crystal_x,
          gammafunk_ghost_cemetery
D:5:      layout_loops_ring, overflow_temple_1_default,
          nicolae_qazlal_style_of_elements, uniq_crazy_yiuf_cottage
D:6:      layout_loops_ring, portal_sewer_entry_a
D:7:      layout_cave_pools, nemelex_xobeh_ov_fountains_minmay,
          makhleb_heckhound_becter, mainiacjoe_overflow_concentric_impassable,
          amcnicky_altar_gilded, kennysheep_little_box,
          nicolae_tso_carved_into_rock, serial_park, serial_park_square1
          [serial_park_minivault_5x5_3], serial_park_square3
          [serial_park_minivault_5x5_3], st_stairs_13, amcnicky_mini_pool_small,
          chequers_avenue
D:8:      layout_basic, cheibriados_altar_1, serial_shops,
          nicolae_take_the_stairs

Skill      XL: |  1 |
---------------+----+-----
Spellcasting   | 2 |  2.0
Fighting       | |  3.2
Maces & Flails | |  2.0
Dodging        | |  1.7
Stealth        | |  6.0

Action                     || total
---------------------------++-------
  Melee: Mace              ||    14
Ability: Shaft Self        ||     2
         Dig               ||     1
  Evoke: Wand              ||     1
    Use: Scroll            ||     1
 Armour: Leather armour    ||    11
  Dodge: Dodged            ||    42

Table legend: (Time is in decaauts)
 A = Elapsed time spent in this place.
 B = Non-inter-level travel time spent in this place.
 C = Inter-level travel time spent in this place.
 D = Time resting spent in this place.
 E = Time spent auto-exploring this place.
 F = Levels seen in this place.
 G = Mean time per level.
                   A        B        C        D        E       F      G
               +--------+--------+--------+--------+--------+-----+--------+
         Total |    613 |    613 |      0 |     80 |    213 |   6 |  102.2 |
       Dungeon |    613 |    613 |      0 |     80 |    213 |   6 |  102.2 |
               +--------+--------+--------+--------+--------+-----+--------+

Top non-repeatable levels by time:
     D:5: 324 daAuts
     D:7: 185 daAuts
     D:6: 66 daAuts
     D:4: 26 daAuts
     D:3: 7 daAuts
     D:8: 1 daAuts
